 Dungeon Crawl Stone Soup version 0.30-a0-936-ge0d47acfc0 (webtiles) character file.

Game seed: 12749827847049027589

137 Conn the Firebug (level 5, -3/32 HPs)
             Began as an Octopode Fire Elementalist on Mar 24, 2023.
             Killed by divine providence
             ... invoked by an orc priest
              (12 damage)
             ... on level 3 of the Dungeon.
             The game lasted 00:07:31 (2532 turns).

Conn the Firebug (Octopode Fire Elementalist)       Turns: 2532, Time: 00:07:34

Health: -3/32      AC:  1    Str:  7    XL:     5   Next: 20%
Magic:  0/9        EV: 13    Int: 25    God:
Gold:   147        SH:  0    Dex: 13    Spells: 3/9 levels left

rFire   . . .      SeeInvis .    l - +0 dagger (protect)
rCold   . . .      Faith    .    (no shield)
rNeg    . . .      Spirit   .    (helmet restricted)
rPois   .          Reflect  .    (no amulet)
rElec   .          Rampage  .    f - +6 ring of intelligence
rCorr   .                        (no ring)
Will    .....                    (no ring)
Stlth   +++                      (no ring)
HPRegen 0.25/turn                (no ring)
MPRegen 0.11/turn                (no ring)
                                 (no ring)
                                 (no ring)

@: no status effects
A: almost no armour, amphibious, 8 rings, camouflage 1, gelatinous body 1,
(nimble swimmer 1), tentacles
a: no special abilities


You were on level 3 of the Dungeon.
You visited 1 branch of the dungeon, and saw 3 of its levels.

You collected 147 gold pieces.

Inventory:

Hand Weapons
 l - a +0 dagger of protection (weapon)
Jewellery
 f - a +6 ring of intelligence (left tentacle)
Scrolls
 b - 2 scrolls of identify {unknown}
 c - a scroll of torment {unknown}
 e - a scroll of brand weapon
 g - a scroll of fear {unknown}
 h - 3 scrolls of teleportation {unknown}
 k - a scroll of noise {unknown}
 o - a scroll of enchant armour {unknown}
 q - a scroll of poison {unknown}
 r - a scroll of silence {unknown}
 s - a scroll of vulnerability {unknown}
Potions
 a - a potion of magic
 d - a potion of brilliance {unknown}
 i - a potion of mutation {unknown}
 j - a potion of degeneration {unknown}
 m - 2 potions of attraction
 n - a potion of flight {unknown}
 p - 2 potions of curing
 t - 2 potions of cancellation {unknown}


   Skills:
 + Level 0.4 Fighting
 + Level 0.6 Short Blades
 + Level 2.6 Dodging
 + Level 3.6 Stealth
 + Level 2.9 Spellcasting
 + Level 1.8 Conjurations
 + Level 3.9 Fire Magic


You had 3 spell levels left.
You knew the following spells:

 Your Spells              Type           Power      Damage    Failure   Level
a - Foxfire               Conj/Fire      72%        2x1d7     3%          1
c - Inner Flame           Hex/Fire       13%        N/A       14%         3
e - Scorch                Fire           46%        2d7       3%          2

Your spell library contained the following spells:

 Spells                   Type           Power      Damage    Failure   Level
 Magic Dart               Conj           48%        1d5       4%          1
 Searing Ray              Conj           24%        2d5       8%          2
 Kindle Blastsparks       Fire/Tloc/Air  20%        2d11      19%         3
 Flame Wave               Conj/Fire      18%        2d7       30%         4
 Fulminant Prism          Conj/Hex       4%         3d5       56%         4


Dungeon Overview and Level Annotations

Branches:
Dungeon (3/15)

Altars:


Innate Abilities, Weirdness & Mutations

You cannot wear most types of armour.
You are amphibious.
You can wear up to eight rings at the same time.
Your skin changes colour to match your surroundings (Stealth+).
Your rubbery body absorbs attacks. (AC +1, EV +1)
((You are camouflaged when in or above water. (Stealth+)))
You have tentacles for arms and can constrict up to eight enemies at once.


Message History

Confirm with . or Enter, or press ? or * to list all spells.
The spell is quite dangerous to miscast (14% risk of failure)!
Continue anyway? [Y]es or [N]o only, please.
The spell is quite dangerous to miscast (14% risk of failure)!
Continue anyway?
Aiming: Inner Flame (quite dangerous; 14% risk of failure)
Press: ? - help, Dir - move target, f - orc
Aim: an orc, wielding a +0 club and wearing a +0 leather armour (chance to affect: 80%)
The orc is filled with an inner flame.
Casting: Inner Flame (quite dangerous; 14% risk of failure)
Confirm with . or Enter, or press ? or * to list all spells.
You conjure some foxfire!
Something hits you.
Your foxfire dissipates!
The foxfire hits something but does no damage.
Casting: Foxfire (safe; 3% risk of failure)
Confirm with . or Enter, or press ? or * to list all spells.
You conjure some foxfire!
Something hits you.
The foxfire hits something. x2
A magic dart appears from out of thin air!
The magic dart hits you.
Okay, then.
As you read the scroll labelled FISER TOULETYT, it crumbles to dust.
It is a scroll of brand weapon.
Really abort (and waste the scroll)?
Okay, then.
The orc barely misses you.
Casting: Foxfire (safe; 3% risk of failure)
Confirm with . or Enter, or press ? or * to list all spells.
You conjure some foxfire!
The orc completely misses you.
You hear some strange, mumbled words.
Something tries to affect you, but you resist.
The orc priest mumbles some strange prayers to Beogh against you.
Beogh smites you!
* * * LOW HITPOINT WARNING * * *
The orc attacks as you move away! The orc closely misses you.
The foxfire hits something. x2
Reactivating autopickup.
You feel a bit more experienced.
The orc priest calls down the wrath of Beogh upon you.
Beogh smites you!
You die...

#.#.## #....#
###.## #.# #.#
#################.#
#.................#
#o###+###'###.#####
#..#○..)o@.#..#.#
#oo#.....§.#..#.#
+..'###+###+..+.#
#..# ..#.# #..
..#.# +## ##+.#


You could see an orc priest and an orc (inner flame).

Vanquished Creatures
  2 orc wizards (D:3)
  A gnoll (D:1)
  An adder (D:3)
  3 worms (D:2)
  A dart slug (D:2)
  16 orcs (D:3)
  6 bats
  5 endoplasms
  4 goblins
  3 hobgoblins (D:1)
  3 quokkas (D:1)
  7 ball pythons
  4 frilled lizards (D:1)
  5 kobolds
  8 rats (D:2)
69 creatures vanquished.

Vanquished Creatures (others)
  166 foxfires
166 creatures vanquished.

Grand Total: 235 creatures vanquished

Notes
Turn   | Place    | Note
-------+----------+-------------------------------------------
     0 | D:1      | Conn the Octopode Fire Elementalist began the quest for the
                  | Orb.
     0 | D:1      | Reached XP level 1. HP: 11/11 MP: 3/3
    77 | D:1      | Found a faded altar of an unknown god.
   308 | D:1      | Reached XP level 2. HP: 17/17 MP: 3/5
   339 | D:1      | Learned a level 2 spell: Scorch
   542 | D:1      | Reached XP level 3. HP: 21/21 MP: 1/6
   546 | D:1      | Learned a level 3 spell: Inner Flame
  1273 | D:2      | Identified the +0 pair of boots "Neqi" {Str+6}
  1536 | D:2      | Reached XP level 4. HP: 26/27 MP: 1/7
  2336 | D:3      | Reached XP level 5. HP: 27/32 MP: 1/9
  2532 | D:3      | Killed from afar by an orc priest

Illustrated notes

Levels and vault maps discovered:
D:1:      onia_arrival_pyramid, layout_basic, dreamdust_ecumenical_altar_statues
D:2:      layout_basic, minmay_rat_gold_closets
D:3:      minmay_roachtagon, layout_basic, nicolae_qazlal_general_emergency,
          mainiacjoe_overflow_24_doors, serial_shops, shop_fountains,
          kennysheep_cross_room

Skill      XL: |  1  2  3 |
---------------+----------+-----
Stealth        | 3 |  3.6
Fighting       | |  0.4
Short Blades   | |  0.6
Dodging        | |  2.6
Spellcasting   | |  2.9
Conjurations   | |  1.8
Fire Magic     | |  3.9

Action                     |  1- 3 |  4- 6 || total
---------------------------+-------+-------++-------
  Melee: Dagger            |    18 |    43 ||    61
         Punch             |     1 |       ||     1
         Tentacles         |     5 |     2 ||     7
         Constrict         |     3 |     6 ||     9
   Cast: Foxfire           |    60 |    30 ||    90
         Scorch            |     3 |     6 ||     9
         Inner Flame       |       |     4 ||     4
    Use: Potion            |       |     3 ||     3
         Scroll            |       |     1 ||     1
   Stab: Sleeping          |     5 |     5 ||    10
 Armour: Skin              |     1 |    18 ||    19
  Dodge: Dodged            |     8 |    20 ||    28

Table legend: (Time is in decaauts)
 A = Elapsed time spent in this place.
 B = Non-inter-level travel time spent in this place.
 C = Inter-level travel time spent in this place.
 D = Time resting spent in this place.
 E = Time spent auto-exploring this place.
 F = Levels seen in this place.
 G = Mean time per level.
                   A        B        C        D        E       F      G
               +--------+--------+--------+--------+--------+-----+--------+
         Total |   2530 |   2439 |     91 |     57 |   1761 |   3 |  843.3 |
       Dungeon |   2530 |   2439 |     91 |     57 |   1761 |   3 |  843.3 |
               +--------+--------+--------+--------+--------+-----+--------+

Top non-repeatable levels by time:
     D:2: 996 daAuts
     D:1: 993 daAuts
     D:3: 540 daAuts
